 Dungeon Sprint DCSS version 0.30-a0-335-ge5acde7520 (webtiles) character file.

Game seed: 7303193262854085245

1094 mhtbhm the Protected (level 8, 0/79 HPs)
             Began as an Armataur Fighter on Oct 30, 2022.
             Was an Initiate of Gozag.
             Slain by a catoblepas (6 damage)
             ... while petrified by a catoblepas
             ... in the Dungeon (Sprint IX: "|||||||||||||||||||||||||||||").
             The game lasted 00:00:59 (417 turns).

mhtbhm the Protected (Armataur Fighter)              Turns: 417, Time: 00:01:00

Health: 0/79       AC: 13    Str: 24    XL:     8   Next: 9%
Magic:  8/8        EV:  1    Int: 11    God:    Gozag
Gold:   54         SH:  0    Dex: 10    Spells: 7/7 levels left

rFire   . . .      SeeInvis .    a - +0 flail
rCold   . . .      Faith    .    c - +0 buckler
rNeg    + + +      Spirit   .    b - +2 ring mail
rPois   ∞          Reflect  .    m - +0 helmet
rElec   .          Harm     .    n - +0 cloak
rCorr   .          Roll     +    (no gloves)
Will    .....      NoTele   +    (no barding)
Stlth   ..........               (no amulet)
HPRegen 0.33/turn                o - +2 ring of evasion
MPRegen 0.11/turn                p - +3 ring of intelligence

@: mighty, petrified, invisible
A: large, rugged brown scales 3, deformed body, armoured tail, roll, long
tongue, awkward tongue
a: Renounce Religion, Potion Petition, Call Merchant, Bribe Branch


You were in the Dungeon.
You worshipped Gozag.
Gozag was noncommittal.
You visited 1 branch You collected 54 gold pieces.

Inventory:

Hand Weapons
 a - a +0 flail (weapon)
Armour
 b - a +2 ring mail (worn)
 c - a +0 buckler (worn)
 m - a +0 helmet (worn)
 n - a +0 cloak (worn)
Jewellery
 o - a +2 ring of evasion (left hand)
 p - a +3 ring of intelligence (right hand)
Wands
 l - a wand of roots (10)
Scrolls
 j - 2 scrolls of blinking
 k - 2 scrolls of amnesia
Potions
 e - 5 potions of curing
 g - a potion of haste
 h - 4 potions of magic


   Skills:
 + Level 7.9 Fighting
 + Level 10.1 Maces & Flails
 + Level 11.3 Armour
 + Level 2.8 Dodging
 + Level 7.7 Shields


You had 7 spell levels left.
You didn't know any spells.
Your spell library was empty.

Dungeon Overview and Level Annotations

Branches:
Dungeon (1/1)

Altars:
Cheibriados
Dithmenos
Elyvilon
Fedhas
Gozag
Hepliaklqana
Kikubaaqudgha
Makhleb
Nemelex Xobeh
Okawaru
Qazlal
Ru
Sif Muna
Trog
Uskayaw
Vehumet
Wu Jian
Xom
Yredelemnul
Zin
The Shining One
Jiyva
Lugonu


Innate Abilities, Weirdness & Mutations

You are completely covered in rugged brown scales. (AC +3, +7% HP)
Armour fits poorly on your strangely shaped body.
You have a long armoured tail.
You roll when moving toward enemies. (Rampage)
Your long tongue fully drains potion bottles. (2x potion effects)
Your tongue gives you trouble enunciating. (1.5x scroll delay)


Message History

You are engulfed in calcifying dust.
The catoblepas gores you!!
You are engulfed in calcifying dust.
The catoblepas breathes a plume of calcifying dust at you.
The blast of calcifying dust hits the catoblepas.
The blast of calcifying dust hits you. The catoblepas gores you!!
You turn to flesh and can move again.
You thump the catoblepas!
The catoblepas is severely wounded.
You are engulfed in calcifying dust.
The catoblepas breathes a plume of calcifying dust at you.
The blast of calcifying dust hits the catoblepas but does no damage.
The blast of calcifying dust hits you!
The catoblepas gores you but does no damage.
You thump the catoblepas!
The catoblepas is severely wounded.
You are engulfed in calcifying dust.
You are slowing down.
The deep elf pyromancer gestures wildly while chanting.
The deep elf pyromancer blinks!
The catoblepas closely misses you.
Unknown command.
Unknown command.
Unknown command.
Unknown command.
Unknown command.
You slurp down every last drop of the potion of invisibility!
You fade into invisibility!
Your limbs have turned to stone.
The catoblepas gores you!!
* * * LOW HITPOINT WARNING * * *
You have turned to stone.
The catoblepas gores you!!
* * * LOW HITPOINT WARNING * * *
The catoblepas gores you but does no damage.
The catoblepas breathes a plume of calcifying dust at you.
The blast of calcifying dust hits the catoblepas.
The blast of calcifying dust hits you.
* * * LOW HITPOINT WARNING * * *
The catoblepas gores you but does no damage.
The catoblepas gores you!
You die...
Your body crumbles into a pile of gold. $$$$$ $ $ $ $$$$$ $$ $ ▓▓▓▓▓▓▓▓▓▓▓▓▓▓▓▓▓▓▓▓▓▓▓▓ '..)..[...'$$)§§@YYWeJ{. ▓▓▓▓▓▓▓▓▓▓▓▓▓▓▓▓▓▓▓▓▓▓▓▓

You could see 2 catoblepae, a slime creature (unable to see you), a deep elf pyromancer (unable to see you) and a wraith.

Vanquished Creatures
  A two-headed ogre (D)
  A shadow (D)
  A kobold brigand (D)
  A gnoll sergeant (D)
  2 scorpions (D)
  A hound (D)
  An orc wizard (D)
  2 adders (D)
  An endoplasm (D)
  A goblin (D)
  A hobgoblin (D)
  A jackal (D)
  A rat (D)
15 creatures vanquished.

Vanquished Creatures (others)
  An orc wizard (D)
1 creature vanquished.

Grand Total: 16 creatures vanquished

Notes
Turn   | Place    | Note
-------+----------+-------------------------------------------
     0 | D        | mhtbhm the Armataur Fighter began the quest for the Orb.
     0 | D        | Reached XP level 1. HP: 19/19 MP: 1/1
    11 | D        | Reached skill level 4 in Armour
    73 | D        | Noticed a scorpion
    73 | D        | Noticed a hound
    73 | D        | Noticed a scorpion
    79 | D        | Killed a scorpion
    80 | D        | Reached skill level 6 in Armour
    80 | D        | Reached skill level 5 in Shields
    80 | D        | Reached XP level 2. HP: 24/29 MP: 2/2
    80 | D        | Reached XP level 3. HP: 30/36 MP: 3/3
    80 | D        | Reached XP level 4. HP: 35/43 MP: 4/4
    87 | D        | Killed a scorpion
    88 | D        | Reached skill level 5 in Fighting
    88 | D        | Reached skill level 5 in Maces & Flails
    88 | D        | Reached skill level 7 in Armour
    88 | D        | Reached XP level 5. HP: 40/51 MP: 5/5
   104 | D        | Found a snail-covered altar of Cheibriados.
   104 | D        | Found a shadowy altar of Dithmenos.
   104 | D        | Found a white marble altar of Elyvilon.
   104 | D        | Found a blossoming altar of Fedhas.
   104 | D        | Found an opulent altar of Gozag.
   105 | D        | Found a hazy altar of Hepliaklqana.
   106 | D        | Found a viscous altar of Jiyva.
   107 | D        | Found an ancient bone altar of Kikubaaqudgha.
   108 | D        | Found a corrupted altar of Lugonu.
   109 | D        | Found a burning altar of Makhleb.
   110 | D        | Found a sparkling altar of Nemelex Xobeh.
   111 | D        | Found an iron altar of Okawaru.
   112 | D        | Became a worshipper of Gozag Ym Sagoz the Greedy
   113 | D        | Found a stormy altar of Qazlal.
   114 | D        | Found a sacrificial altar of Ru.
   115 | D        | Found a shimmering blue altar of Sif Muna.
   116 | D        | Found a bloodstained altar of Trog.
   117 | D        | Found a hide-covered altar of Uskayaw.
   118 | D        | Found a radiant altar of Vehumet.
   119 | D        | Found an ornate altar of the Wu Jian Council.
   120 | D        | Found a shimmering altar of Xom.
   121 | D        | Found a basalt altar of Yredelemnul.
   122 | D        | Found a glowing silver altar of Zin.
   123 | D        | Found a glowing golden altar of the Shining One.
   338 | D        | Noticed a shadow
   338 | D        | Noticed a two-headed ogre
   353 | D        | Reached skill level 8 in Armour
   353 | D        | Reached skill level 1 in Dodging
   363 | D        | Killed a shadow
   364 | D        | Reached skill level 9 in Armour
   364 | D        | Reached XP level 6. HP: 49/62 MP: 6/6
   382 | D        | Killed a two-headed ogre
   383 | D        | Reached skill level 10 in Maces & Flails
   383 | D        | Reached skill level 11 in Armour
   383 | D        | Reached XP level 7. HP: 54/71 MP: 7/7
   383 | D        | Reached XP level 8. HP: 60/79 MP: 8/8
   394 | D        | Noticed a deep elf pyromancer
   394 | D        | Noticed a catoblepas
   394 | D        | Noticed a catoblepas
   394 | D        | Noticed a slime creature
   417 | D        | Slain by a catoblepas

Illustrated notes

Levels and vault maps discovered:
D:        linesprint [early_d, line_temple, items_1, d_10, items_2, lair_1,
          lair_end, items_3, orc_1, orc_end, items_4, d_15, swamp_1, shoals_1,
          snake_1, spider_1, d_20, vaults_1, items_5, swamp_end, shoals_end,
          snake_end, spider_end, vaults_end, d_27, items_6, zot_1, zot_end,
          crypt_end, forest_end, elf_end, slime_end, tomb_end, abyss_end,
          pan_hell_end]

Skill      XL: |  1  2  3  4  5  6 |
---------------+-------------------+-----
Fighting       | 4 5 6 7 |  7.9
Armour         | 6 7 9 11 | 11.3
Maces & Flails | 3 5 7 10 | 10.1
Shields        | 5 6 7 |  7.7
Dodging        | 1 2 |  2.8

Action                   |  1- 3 |  4- 6 |  7- 9 || total
-------------------------+-------+-------+-------++-------
Melee: Flail             |    25 |    59 |    14 ||    98
       Tailslap          |     2 |     8 |     2 ||    12
  Use: Potion            |     1 |     3 |     2 ||     6
Armor: Scale mail        |    11 |     9 |       ||    20
       Ring mail         |       |    11 |    10 ||    21
Dodge: Dodged            |     6 |    18 |     1 ||    25
Block: Buckler           |     4 |     5 |     1 ||    10

Table legend: (Time is in decaauts)
 A = Elapsed time spent in this place.
 B = Non-inter-level travel time spent in this place.
 C = Inter-level travel time spent in this place.
 D = Time resting spent in this place.
 E = Time spent auto-exploring this place.
 F = Levels seen in this place.
 G = Mean time per level.
                   A        B        C        D        E       F      G
               +--------+--------+--------+--------+--------+-----+--------+
         Total |    431 |    431 |      0 |    205 |      3 |   1 |  431.0 |
       Dungeon |    431 |    431 |      0 |    205 |      3 |   1 |  431.0 |
               +--------+--------+--------+--------+--------+-----+--------+

Top non-repeatable levels by time:
       D: 431 daAuts
